 Dungeon Crawl Stone Soup version 0.25.1-2-g60ff931df9 (webtiles) character file.

Game seed: 3423090964874856516

431720 Fallenstar the Hoplite (level 22, 0/201 HPs)
             Began as a Minotaur Fighter on Sept 14, 2020.
             Was the Champion of Okawaru.
             Killed from afar by a starcursed mass (4 damage)
             ... with an accursed screaming
             ... on level 3 of the Abyss on Sept 16, 2020.
             The game lasted 04:01:49 (44440 turns).

Fallenstar the Hoplite (Minotaur Fighter)          Turns: 44440, Time: 04:01:50

Health: 0/201      AC: 33    Str: 42    XL:     22   Next: 53%
Magic:  22/22      EV: 19    Int: 11    God:    Okawaru [******]
Gold:   2337       SH:  0    Dex: 18    Spells: 21/21 levels left

rFire    + + +     SeeInvis +   x - +9 broad axe (drain)
rCold    + . .     Gourm    .   L - +3 tower shield "Guila" {rF+ Str+7 Dex-5}
rNeg     . . .     Faith    .   p - +10 storm dragon scales of the Hall of Blades {rElec Int+4 Dex-3}
rPois    .         Spirit   .   d - +1 hat {SInv}
rElec    +         Reflect  .   y - +1 cloak of the Garden {rElec rF++ Int+2}
rCorr    .         Harm     .   (no gloves)
MR       +....                  (no boots)
Stlth    ..........             m - amulet of regeneration
HPRegen  0.00/turn              K - ring of the Failed Coup {*Drain +Fly Str+8 Dex+10}
MPRegen  0.18/turn              D - ring of protection from cold

@: confused, mighty, non-regenerating, diseased, hasted, very quick
A: retaliatory headbutt, horns 2, thin skeletal structure 1, blurry vision 1,
low mp 1, screaming 1, subdued magic 1
}: 3/15 runes: decaying, serpentine, abyssal
a: Heroism, Finesse, Renounce Religion, Evoke Flight


You were on level 3 of the Abyss.
You worshipped Okawaru.
Okawaru was exalted by your worship.
You were not hungry.

You visited 8 branches of the dungeon, and saw 39 of its levels.
You visited the Abyss 3 times.
You also visited: Gauntlet, Ice Cave and Wizlab.

You collected 4516 gold pieces.
You spent 2179 gold pieces at shops.

Inventory:

Hand Weapons
 g - the +5 flail of Brutal Revenge {venom, rN+}
   (You found it on level 6 of the Dungeon)

   It poisons the flesh of those it strikes.
   It protects you from negative energy.
 x - a +9 broad axe of draining (weapon)
 I - the +4 battleaxe of Buwol {pain, +Inv Str+2}
   (Okawaru gifted it to you on level 3 of the Elven Halls)

   In the hands of one skilled in necromantic magic, it inflicts extra damage on
   living creatures.
   It affects your strength (+2).
   It lets you turn invisible.
Armour
 b - a +2 kite shield of cold resistance
 c - the +2 kite shield of the Fletcher {rElec rCorr Int-4, unknown}
   (Okawaru gifted it to you on level 3 of the Vaults)

   It affects your intelligence (-4).
   It insulates you from electricity.
   It provides partial protection from all sources of acid and corrosion.
 d - a +1 hat of see invisible (worn)
 p - the +10 storm dragon scales of the Hall of Blades (worn) {rElec Int+4 Dex-3}
   (You bought it in a shop on level 11 of the Dungeon)

   It affects your intelligence (+4).
   It affects your dexterity (-3).
   It insulates you from electricity.
 y - the +1 cloak of the Garden (worn) {rElec rF++ Int+2}
   (You bought it in a shop on level 2 of the Orcish Mines)

   It affects your intelligence (+2).
   It greatly protects you from fire.
   It insulates you from electricity.
 L - the +3 tower shield "Guila" (worn) {rF+ Str+7 Dex-5}
   (You found it on level 1 of the Lair of Beasts)

   It affects your strength (+7).
   It affects your dexterity (-5).
   It protects you from fire.
 Y - the +0 hat "Archista" {*Corrode rPois MR++ Int+3, unknown}
   (Okawaru gifted it to you on level 3 of the Abyss)

   It affects your intelligence (+3).
   It protects you from poison.
   It affects your resistance to hostile enchantments.
   It may corrode you when you take damage.
Jewellery
 m - an amulet of regeneration (around neck)
 q - a +4 ring of protection
 u - an uncursed ring of protection from magic
 A - a +6 ring of dexterity
 C - an uncursed ring of protection from fire {unknown}
 D - a ring of protection from cold (right hand)
 G - an uncursed ring of see invisible {unknown}
 J - an uncursed ring of stealth {unknown}
 K - the ring of the Failed Coup (left hand) {*Drain +Fly Str+8 Dex+10}
   (You took it off a spriggan air mage in a wizard's laboratory)

   [ring of flight]

   It affects your strength (+8).
   It affects your dexterity (+10).
   It lets you fly.
   It causes draining when unequipped.
 O - an uncursed ring of resist corrosion
 Q - an uncursed ring of poison resistance
Wands
 r - a wand of digging (6)
 s - a wand of iceblast (12)
 w - a wand of paralysis (5)
 B - a wand of flame (42)
 R - a wand of polymorph (29)
 S - a wand of enslavement (33)
 T - a wand of disintegration (42)
Scrolls
 e - 4 scrolls of fog
 h - 3 scrolls of enchant armour
 i - 18 scrolls of remove curse
 n - a scroll of amnesia
 o - 29 scrolls of teleportation
 t - a scroll of fear
 z - 5 scrolls of magic mapping
 F - 3 scrolls of summoning
 N - a scroll of identify
 X - 2 scrolls of silence
Potions
 j - 2 potions of cancellation {unknown}
 k - 3 potions of resistance
 l - a potion of haste
 v - 6 potions of flight
 E - 2 potions of ambrosia {unknown}
 H - a potion of brilliance
 M - 4 potions of magic {unknown}
 P - 5 potions of berserk rage {unknown}
 U - 2 potions of invisibility {unknown}
 V - 2 potions of stabbing
 W - 2 potions of might
Comestibles
 f - 47 rations


   Skills:
 - Level 17.7 Fighting
 - Level 20.9(21.1) Axes
 - Level 6.7(15.4) Maces & Flails
 + Level 21.2 Armour
 * Level 12.3 Dodging
 - Level 26.6 Shields
 - Level 6.2 Invocations


You had 21 spell levels left.
You didn't know any spells.
Your spell library contained the following spells:

 Spells                   Type           Power        Failure   Level  Hunger
 Animate Skeleton         Necr           N/A          52%         1    ##.....
 Apportation              Tloc           #.....       52%         1    ##.....
 Corona                   Hex            #......      52%         1    ##.....
 Foxfire                  Conj/Fire      #...         52%         1    ##.....
 Infusion                 Chrm           #...         52%         1    ##.....
 Magic Dart               Conj           #...         52%         1    ##.....
 Summon Small Mammal      Summ           #...         52%         1    ##.....
 Blink                    Tloc           N/A          67%         2    ###....
 Call Imp                 Summ           #.......     67%         2    ###....
 Poisonous Vapours        Pois/Air       #.....       67%         2    ###....
 Searing Ray              Conj           #.....       67%         2    ###....
 Shroud of Golubria       Chrm/Tloc      #.....       67%         2    ###....
 Slow                     Hex            #.......     67%         2    ###....
 Song of Slaying          Chrm           #.......     67%         2    ###....
 Sublimation of Blood     Necr           #.........   67%         2    ###....
 Swiftness                Chrm/Air       #.......     67%         2    ###....
 Call Canine Familiar     Summ           #.......     88%         3    ####...
 Conjure Flame            Conj/Fire      #.......     88%         3    ####...
 Gell's Gravitas          Tloc           #.........   88%         3    ####...
 Inner Flame              Hex/Fire       #.......     88%         3    ####...
 Lesser Beckoning         Tloc           #.........   88%         3    ####...
 Mephitic Cloud           Conj/Pois/Air  #.......     88%         3    ####...
 Ozocubu's Armour         Chrm/Ice       #.......     88%         3    ####...
 Portal Projectile        Hex/Tloc       #.....       88%         3    ####...
 Recall                   Summ/Tloc      N/A          88%         3    ####...
 Spectral Weapon          Hex/Chrm       #.......     88%         3    ####...
 Summon Guardian Golem    Hex/Summ       #.......     88%         3    ####...
 Teleport Other           Tloc           #.......     88%         3    ####...
 Airstrike                Air            #.........   99%         4    #####..
 Animate Dead             Necr           N/A          99%         4    #####..
 Cause Fear               Hex            #.........   99%         4    #####..
 Leda's Liquefaction      Hex/Erth       #.........   99%         4    #####..
 Passage of Golubria      Tloc           N/A          99%         4    #####..
 Petrify                  Tmut/Erth      #.......     99%         4    #####..
 Sticky Flame             Conj/Fire      #.......     99%         4    #####..
 Summon Ice Beast         Ice/Summ       #.......     99%         4    #####..
 Summon Lightning Spire   Summ/Air       #.......     99%         4    #####..
 Borgnjor's Vile Clutch   Necr/Erth      #.........   100%        5    ######.
 Fireball                 Conj/Fire      #.........   100%        5    ######.
 Lightning Bolt           Conj/Air       #.........   100%        5    ######.
 Silence                  Hex/Air        #.........   100%        5    ######.
 Conjure Ball Lightning   Conj/Air       #.........   100%        6    #######
 Death Channel            Necr           #.........   100%        6    #######
 Freezing Cloud           Conj/Ice/Air   #.........   100%        6    #######
 Simulacrum               Ice/Necr       #.........   100%        6    #######
 Tornado                  Air            #.........   100%        9    #######


Dungeon Overview and Level Annotations

Branches:
Dungeon (15/15)            Temple (1/1) D:5            Lair (6/6) D:11
  Swamp (4/4) Lair:3        Snake (4/4) Lair:2          Orc (2/2) D:11
    Elf (3/3) Orc:2        Vaults (4/5) D:14          Crypt (0/3) Vaults:2
 Depths (0/5) D:15          IceCv (visited)          WizLab (visited)
Gauntlet (visited)
  Slime: Lair:5-6

Altars:
Ashenzari
Cheibriados
Dithmenos
Elyvilon
Fedhas
Gozag
Hepliaklqana
Kikubaaqudgha
Makhleb
Nemelex Xobeh
Okawaru
Qazlal
Ru
Sif Muna
Trog
Uskayaw
Vehumet
Wu Jian
Xom
Yredelemnul
Zin
The Shining One
Beogh

Shops:
D:11 ([   Orc:1 (%}[   Orc:2 ([!%   Elf:3 }==   Snake:1 (?:(   Vaults:1 (
Vaults:2 ((*

Annotations:
D:3 3 runed translucent doors, Maadim's ghost, amateur FoFi
D:10 2 transporters, lepoulpe303's ghost, novice MfGl
Lair:3 exclusion: 2 oklob plants


Innate Abilities, Weirdness & Mutations

You reflexively headbutt those who attack you in melee.
You have a pair of horns on your head.
You have a somewhat thin skeletal structure. (Dex +2, Stealth)
Scrolls take you a little longer to read.
Your magical capacity is low. (-10% MP)
You occasionally shout uncontrollably at your foes.
Your spells are a little easier to cast, but a little less powerful.


Message History

You destroy the starspawn tentacle segment!
You slice the tentacled starspawn!!
The tentacled starspawn bites you but does no damage.
The tentacled starspawn engulfs you but does no damage.
You bump into the rock wall.
The starcursed mass shrieks in your mind.
* * * LOW HITPOINT WARNING * * *
You slice the tentacled starspawn like a ripe choko!!!
You destroy the tentacled starspawn!
Okawaru accepts your kill.
You slice the golden eye!!
You kill the golden eye!
Okawaru accepts your kill.
You hear a roar!
You bump into the rock wall.
The starcursed mass shrieks in your mind.
* * * LOW HITPOINT WARNING * * *
Okay, then.
The starcursed mass shrieks in your mind.
You die...

## #.. .#
##'## #...##
##.....## .
##.......## #
##@........#
#'.....†...'.
.##..X......
#.
#............
. .
#...##.....>..
. .. #
........####.#
.. . . ..#
##.... ###. .#
## #≈≈≈≈≈≈ # .
≈ .≈≈≈ #


You could see a starcursed mass.

Vanquished Creatures
  Saint Roka (Snake:1)
  Vashnia (Snake:2)
  Bai Suzhen (Vaults:3)
  A bone dragon (Vaults:2)
  A Cloud Mage (WizLab)
  A lich (Abyss:2)
  4 tentacled monstrosities
  A kraken (Abyss:3)
  A deep elf blademaster (Elf:3)
  2 sphinxes (Vaults:3)
  7 tentacled starspawn
  Kirke (D:14)
  A thorn hunter (Swamp:2)
  A revenant (Abyss:3)
  8 nagarajas
  2 fire giants
  Aizul (Snake:1)
  A frost giant (Vaults:3)
  4 deep elf sorcerers
  8 vault wardens
  An orc warlord (Orc:2)
  A deep elf elementalist (Elf:3)
  2 cacodemons (Abyss:3)
  5 stone giants
  12 ironheart preservers
  4 very ugly things (Vaults:3)
  A reaper (Abyss:3)
  9 deep elf demonologists
  2 entropy weavers (Vaults:4)
  A corrupter (Abyss:3)
  A lorocyproca (Abyss:3)
  A black draconian (Abyss:3)
  A minotaur (Gauntlet)
  5 deep elf annihilators
  A spark wasp (WizLab)
  An ettin (Vaults:4)
  An eidolon (Abyss:2)
  Snorg (Lair:6)
  4 blizzard demons
  5 deep elf death magi
  A great orb of eyes (Abyss:2)
  Josephine (D:15)
  4 yaktaur captains
  A deep elf high priest (Elf:3)
  13 vault guards
  Harold (Lair:1)
  14 naga warriors
  A catoblepas (D:15)
  17 hydras
  4 spriggan air magi (WizLab)
  2 ice dragons
  5 ghost crabs
  4 shambling mangroves
  2 rakshasas
  2 death knights
  6 centaur warriors
  16 anacondas
  13 alligators
  26 dancing weapons
  9 ogre magi
  A deep troll shaman (Vaults:3)
  A hell hog (Abyss:2)
  10 shock serpents
  23 two-headed ogres
  4 tengu warriors
  15 thrashing horrors (Abyss:3)
  4 deep troll earth magi
  A queen ant (Gauntlet)
  A sun demon (Abyss:3)
  15 naga sharpshooters
  23 deep elf knights
  3 orc high priests
  A spatial maelstrom (Abyss:3)
  A spriggan (Swamp:1)
  5 wretched stars (Abyss:3)
  A fire crab (Abyss:3)
  11 skeletal warriors
  2 salamander mystics
  An unseen horror (D:9)
  5 deep trolls
  2 shadow demons (Abyss:3)
  3 shadow wraiths
  16 large abominations
  A sixfirhy (Abyss:3)
  A spriggan druid (Swamp:4)
  An infernal demonspawn (Abyss:3)
  2 flayed ghosts (Vaults:3)
  2 glowing orange brains
  3 death drakes (WizLab)
  13 swamp dragons
  16 deep elf archers
  7 naga ritualists
  9 orc knights
  4 wizards
  3 necromancers
  A sphinx zombie (Vaults:3)
  10 ironbrand convokers
  10 mana vipers
  86 deep elf magi
  5 wolf spiders
  5 manticores
  24 ugly things
  17 elephants
  2 worldbinders (Abyss:3)
  6 cyclopes
  3 ice statues
  6 orc sorcerers
  15 guardian serpents
  12 salamanders
  33 black mambas
  Joseph (Lair:1)
  9 vault sentinels
  8 apocalypse crabs
  2 gargoyles
  17 naga magi
  10 smoke demons (Abyss:3)
  A human skeleton (Vaults:3)
  17 spiny frogs
  7 orange demons
  A kobold demonologist (D:9)
  3 efreet
  A rime drake (Lair:1)
  14 ice devils (IceCv)
  Maggie (D:6)
  A hellion (Abyss:3)
  2 tormentors (Abyss:3)
  12 komodo dragons
  A yaktaur (shapeshifter) (Vaults:2)
  3 human zombies (Vaults:3)
  3 hellwings (Abyss:3)
  5 freezing wraiths
  27 yaktaurs
  9 ancient zymes
  10 trolls
  A tengu conjurer (D:14)
  17 hornets
  2 wind drakes (WizLab)
  A jumping spider (Vaults:4)
  9 tyrant leeches
  Grinder (D:3)
  14 raiju
  2 polar bears
  A hornet (shapeshifter) (Vaults:4)
  An ice dragon zombie (Abyss:3)
  7 blink frogs
  A stone giant simulacrum (Abyss:3)
  21 slime creatures
  A hydra skeleton (Abyss:3)
  4 bog bodies
  12 hippogriffs
  5 ynoxinuls
  Sigmund (D:4)
  38 starcursed masses
  A tarantella (Vaults:4)
  A tarantella (shapeshifter) (Vaults:4)
  3 wyverns
  14 air elementals
  6 water elementals
  A black mamba skeleton (Abyss:3)
  A redback (Vaults:4)
  7 wraiths
  A human (shapeshifter) (Vaults:3)
  6 fire elementals
  3 golden eyes (Abyss:3)
  35 yaks
  A human (D:14)
  6 basilisks
  A neqoxec (Abyss:3)
  2 steam dragons
  3 hogs (D:14)
  3 spatial vortices (Abyss:3)
  5 hungry ghosts
  24 vampire mosquitoes
  3 chaos spawn
  44 nagas
  8 wargs
  A harpy simulacrum (Abyss:3)
  4 soldier ants (Gauntlet)
  14 insubstantial wisps
  15 swamp worms
  An acid dragon (Vaults:2)
  A hydra simulacrum (Abyss:3)
  8 porcupines
  A black bear (shapeshifter) (D:9)
  41 orc warriors
  26 water moccasins
  12 swamp drakes
  7 sky beasts
  8 ice beasts
  An eye of draining (Abyss:3)
  35 ogres
  4 phantoms
  4 black bears
  9 boggarts
  18 small abominations
  22 wolves
  18 centaurs
  12 crocodiles
  A big kobold (D:9)
  16 bullfrogs
  A glowing shapeshifter simulacrum (Vaults:3)
  3 wyvern skeletons
  8 scorpions
  An elf simulacrum (Vaults:3)
  6 killer bees
  An orc simulacrum (Vaults:2)
  13 wights
  4 electric eels
  2 howler monkeys
  2 human simulacra
  2 bullfrog zombies
  4 centaur zombies
  5 crimson imps
  3 jellies
  3 hounds
  4 quasits
  26 orc priests
  A bullfrog skeleton (D:10)
  37 orc wizards
  6 centaur skeletons
  Jessica (D:3)
  An iguana (D:11)
  Terence (D:3)
  7 worker ants
  A killer bee zombie (D:10)
  2 hound zombies
  2 hound skeletons
  A worker ant zombie (D:7)
  23 adders
  7 shadow imps
  8 white imps
  An ooze (D:6)
  4 ufetubi (IceCv)
  3 adder zombies
  7 worms
  7 dart slugs (D:6)
  9 leopard geckos
  129 orcs
  4 ball pythons
  10 bats
  5 giant cockroaches
  2 gnoll zombies (D:5)
  6 goblins (D:2)
  8 hobgoblins
  7 jackals
  4 quokkas
  4 frilled lizards
  12 kobolds
  A leopard gecko skeleton (D:5)
  A leopard gecko zombie (D:6)
  6 rats
  6 briar patches (Swamp:2)
  A crawling corpse (Elf:3)
  2 fungi
  2 plants
  12 starspawn tentacles
  4 tentacles (Abyss:3)
1900 creatures vanquished.

Vanquished Creatures (others)
  A deep elf annihilator (Elf:3)
  A ghost crab (WizLab)
  A large abomination (Abyss:2)
  An orc knight (Vaults:3)
  A deep elf mage (Elf:1)
  A worldbinder (Abyss:2)
  An ugly thing (Vaults:2)
  4 humans (D:14)
  A centaur (D:11)
  A small abomination (Abyss:3)
  An adder (Lair:1)
  3 white imps (IceCv)
  4 ufetubi (IceCv)
  An orc (Orc:2)
  7 fungi
  11 plants
  13 starspawn tentacles
  7 tentacles (Abyss:3)
60 creatures vanquished.

Grand Total: 1960 creatures vanquished

Notes
Turn   | Place    | Note
-------+----------+-------------------------------------------
     0 | D:1      | Fallenstar the Minotaur Fighter began the quest for the
                  | Orb.
     0 | D:1      | Reached XP level 1. HP: 19/19 MP: 0/0
   287 | D:1      | Reached XP level 2. HP: 27/27 MP: 1/1
   622 | D:1      | Reached skill level 4 in Shields
   755 | D:2      | Reached XP level 3. HP: 25/33 MP: 2/2
   845 | D:2      | Noticed a sky beast
   857 | D:2      | Killed a sky beast
   857 | D:2      | Reached XP level 4. HP: 29/40 MP: 3/3
   951 | D:2      | Reached XP level 5. HP: 46/46 MP: 4/4
  1713 | D:3      | Found an ancient bone altar of Kikubaaqudgha.
  1902 | D:3      | Found a runed translucent gate.
  1902 | D:3      | Noticed Grinder
  1902 | D:3      | Noticed Maadim's ghost (amateur FoFi)
  1903 | D:3      | Found a runed translucent gate.
  1903 | D:3      | Found a runed translucent gate.
  1908 | D:3      | Paralysed by Grinder for 6 turns
  1921 | D:3      | Killed Grinder
  1921 | D:3      | Reached skill level 5 in Axes
  1921 | D:3      | Reached skill level 5 in Armour
  1921 | D:3      | Reached skill level 1 in Dodging
  1921 | D:3      | Reached skill level 5 in Shields
  1921 | D:3      | Reached XP level 6. HP: 32/53 MP: 5/5
  1989 | D:3      | Noticed Terence
  1998 | D:3      | Killed Terence
  2137 | D:3      | Noticed Jessica
  2155 | D:3      | Killed Jessica
  2181 | D:3      | Reached XP level 7. HP: 56/60 MP: 6/6
  2470 | D:4      | Noticed Sigmund
  2481 | D:4      | Killed Sigmund
  2481 | D:4      | Reached skill level 5 in Fighting
  2626 | D:4      | Got a bloodstained short sword
  2738 | D:4      | Found a glowing golden altar of the Shining One.
  2738 | D:4      | Found a shattered altar of Ashenzari.
  2739 | D:4      | Found a hide-covered altar of Uskayaw.
  3068 | D:5      | Entered Level 5 of the Dungeon
  3116 | D:5      | Found a shadowy altar of Dithmenos.
  3227 | D:5      | Found a staircase to the Ecumenical Temple.
  3233 | Temple   | Entered the Ecumenical Temple
  3255 | Temple   | Became a worshipper of Warmaster Okawaru
  3402 | D:5      | Reached skill level 6 in Shields
  3463 | D:5      | Reached XP level 8. HP: 69/69 MP: 7/7
  3488 | D:5      | Reached * piety under Okawaru
  3784 | D:5      | Found a basalt altar of Yredelemnul.
  4541 | D:6      | Noticed Maggie
  4541 | D:6      | Paralysed by Maggie for 3 turns
  4561 | D:6      | Killed Maggie
  4561 | D:6      | Reached ** piety under Okawaru
  4561 | D:6      | Reached skill level 10 in Axes
  4561 | D:6      | Reached skill level 7 in Shields
  4561 | D:6      | Reached XP level 9. HP: 56/75 MP: 6/8
  4570 | D:6      | Identified the +6 short sword "Uhoam" {holy, rElec rF+
                  | Dex-4} (You found it on level 4 of the Dungeon)
  4574 | D:6      | Gained mutation: You occasionally shout uncontrollably at
                  | your foes. [potion of mutation]
  4574 | D:6      | Gained mutation: Your spells are a little easier to cast,
                  | but a little less powerful. [potion of mutation]
  4574 | D:6      | Gained mutation: Scrolls take you a little longer to read.
                  | [potion of mutation]
  4574 | D:6      | Gained mutation: You have a somewhat thin skeletal
                  | structure. (Dex +2, Stealth) [potion of mutation]
  4860 | D:6      | Got a transparent flail
  4867 | D:6      | Identified the +5 flail of Brutal Revenge {venom, rN+} (You
                  | found it on level 6 of the Dungeon)
  5232 | D:7      | Found a burning altar of Makhleb.
  5733 | D:8      | You fall into a shaft and drop 3 floors!
  5799 | D:11     | Reached *** piety under Okawaru
  5810 | D:11     | Reached XP level 10. HP: 68/86 MP: 9/9
  5813 | D:11     | Reached skill level 8 in Shields
  5828 | D:11     | Reached **** piety under Okawaru
  6022 | D:11     | Found Gifefell's Weapon Shop.
  6024 | D:11     | Found a staircase to the Orcish Mines.
  6044 | D:11     | Reached skill level 9 in Shields
  6055 | D:11     | Found Uconwiog's Armour Shop.
  6116 | D:11     | Found a staircase to the Lair.
  6170 | D:10     | Entered Level 10 of the Dungeon
  6307 | D:10     | Reached ***** piety under Okawaru
  6319 | D:10     | Found a transporter.
  6749 | D:10     | Paralysed by a hornet for 1 turns
  6965 | D:10     | Found a transporter.
  6986 | D:10     | Noticed lepoulpe303's ghost (novice MfGl)
  7139 | D:9      | Reached XP level 11. HP: 95/95 MP: 10/10
  7736 | D:9      | Received a gift from Okawaru
  7737 | D:9      | Got a twisted war axe {god gift}
  7759 | D:9      | Reached skill level 10 in Shields
  7771 | D:9      | Identified the +1 war axe of Karma {freeze, rPois MR-
                  | Stlth+} (Okawaru gifted it to you on level 9 of the
                  | Dungeon)
  7782 | D:9      | Identified the Papyrus of Talismans
  7809 | D:9      | Got a transparent hand axe
  7814 | D:9      | Killed an unseen horror
  7814 | D:9      | Reached skill level 10 in Armour
  8466 | D:9      | Identified the cursed +0 hand axe of Might {pain, MR+} (You
                  | found it on level 9 of the Dungeon)
  8923 | Orc:1    | Entered Level 1 of the Orcish Mines
  8937 | Orc:1    | Reached skill level 15 in Axes
  8964 | Orc:1    | You fall into a shaft and drop 1 floor!
  8964 | Orc:2    | Entered Level 2 of the Orcish Mines
  8964 | Orc:2    | Found a staircase to the Elven Halls.
  8964 | Orc:2    | Noticed an orc high priest
  8973 | Orc:2    | Killed an orc high priest
  8973 | Orc:2    | Received a gift from Okawaru
  8973 | Orc:2    | Reached skill level 10 in Fighting
  8973 | Orc:2    | Reached skill level 1 in Invocations
  9013 | Orc:1    | Found Zofoelan's Gadget Emporium.
  9029 | Orc:1    | Found Kofigatic's Antique Armour Emporium.
  9271 | Orc:1    | Found Irexosasch's Food Shop.
  9314 | Orc:1    | Found Notaoc's Weapon Emporium.
  9451 | Orc:2    | Noticed an orc sorcerer
  9455 | Orc:2    | Killed an orc sorcerer
  9455 | Orc:2    | Reached XP level 12. HP: 106/106 MP: 11/11
  9522 | Orc:2    | Found a roughly hewn altar of Beogh.
  9818 | Orc:2    | Reached skill level 11 in Shields
  9901 | Orc:2    | Found a roughly hewn altar of Beogh.
  9940 | Orc:2    | Found a roughly hewn altar of Beogh.
  9941 | Orc:2    | Found Xaviwef's Food Emporium.
 10024 | Orc:2    | Found a roughly hewn altar of Beogh.
 10025 | Orc:2    | Found Onotab Rogi's Distillery.
 10075 | Orc:2    | Bought a potion of heal wounds for 55 gold pieces
 10075 | Orc:2    | Bought a potion of curing for 33 gold pieces
 10075 | Orc:2    | Bought a potion of curing for 33 gold pieces
 10131 | Orc:2    | Reached ****** piety under Okawaru
 10145 | Orc:2    | Received a gift from Okawaru
 10146 | Orc:2    | Got an ichor-stained triple crossbow {god gift}
 10350 | Orc:2    | Noticed an orc warlord
 10353 | Orc:2    | Found Efujeygu's Antique Weapon Shoppe.
 10357 | Orc:2    | Found a roughly hewn altar of Beogh.
 10368 | Orc:2    | Killed an orc warlord
 10485 | Orc:2    | Found Qyuth's Antique Armour Emporium.
 10500 | Orc:2    | Bought a bloodstained cloak for 190 gold pieces
 10571 | Orc:2    | Found a roughly hewn altar of Beogh.
 10637 | Orc:2    | Noticed an orc high priest
 10645 | Orc:2    | Killed an orc high priest
 10816 | Lair:1   | Entered Level 1 of the Lair of Beasts
 10848 | Lair:1   | Noticed Harold
 10861 | Lair:1   | Killed Harold
 10952 | Lair:1   | Received a gift from Okawaru
 11370 | Lair:1   | Reached XP level 13. HP: 116/116 MP: 12/12
 11441 | Lair:1   | Reached skill level 12 in Shields
 11580 | Lair:1   | Noticed Joseph
 11590 | Lair:1   | Killed Joseph
 11669 | Lair:1   | Got a fine tower shield
 11671 | Lair:1   | Identified the Catalogue of Dusty Curses
 12007 | Lair:1   | Identified the +3 tower shield "Guila" {rF+ Str+7 Dex-5}
                  | (You found it on level 1 of the Lair of Beasts)
 12178 | Lair:2   | Found a staircase to the Snake Pit.
 12360 | Lair:2   | Received a gift from Okawaru
 12360 | Lair:2   | Reached skill level 1 in Maces & Flails
 12961 | Lair:3   | Found a staircase to the Swamp.
 13658 | Lair:4   | Noticed Snorg
 14188 | Lair:4   | Identified the +1 cloak of the Garden {rElec rF++ Int+2}
                  | (You bought it in a shop on level 2 of the Orcish Mines)
 14193 | Lair:4   | Identified the +8 triple crossbow of the Thieving Boar
                  | {venom, rElec rC+ Dex+3} (Okawaru gifted it to you on level
                  | 2 of the Orcish Mines)
 14298 | Lair:5   | Received a gift from Okawaru
 14301 | Lair:5   | Reached skill level 13 in Shields
 14591 | Lair:5   | Got a pair of steaming boots
 14671 | Lair:5   | You fall into a shaft and drop 1 floor!
 14671 | Lair:6   | Entered Level 6 of the Lair of Beasts
 14704 | Lair:6   | Received a gift from Okawaru
 14705 | Lair:6   | Got a scorched war axe {god gift}
 14717 | Lair:6   | Reached XP level 14. HP: 98/127 MP: 14/14
 14733 | Lair:6   | Killed Snorg
 14825 | Lair:6   | Received a gift from Okawaru
 14826 | Lair:6   | Got a translucent cloak {god gift}
 15204 | Snake:1  | Entered Level 1 of the Snake Pit
 15215 | Snake:1  | Reached skill level 14 in Shields
 15607 | Snake:1  | Found Ajofis's Antique Weapon Boutique.
 15630 | Snake:1  | Noticed Aizul
 15659 | Snake:1  | Killed Aizul
 15755 | Snake:1  | Found Ahockuota's Magic Scroll Boutique.
 15755 | Snake:1  | Found Uderch's Book Shop.
 15759 | Snake:1  | Found Xeotyjub's Antique Weapon Boutique.
 15763 | Snake:1  | Bought a scroll of identify for 24 gold pieces
 15763 | Snake:1  | Bought a scroll of identify for 24 gold pieces
 15763 | Snake:1  | Bought a scroll of identify for 24 gold pieces
 15763 | Snake:1  | Bought a scroll of identify for 24 gold pieces
 15763 | Snake:1  | Bought a scroll of identify for 24 gold pieces
 15763 | Snake:1  | Bought a scroll of identify for 24 gold pieces
 15765 | Snake:1  | Identified the cursed -4 pair of boots of the Clam {Regen+
                  | Slay+3} (You found it on level 5 of the Lair of Beasts)
 15767 | Snake:1  | Identified the -3 cloak of Sunlight {Str+4} (Okawaru gifted
                  | it to you on level 6 of the Lair of Beasts)
 15769 | Snake:1  | Identified the +6 war axe of Danig {pain, SInv} (Okawaru
                  | gifted it to you on level 6 of the Lair of Beasts)
 15840 | Snake:1  | Received a gift from Okawaru
 16425 | Snake:2  | Noticed Saint Roka
 16491 | Snake:1  | Killed Saint Roka
 16491 | Snake:1  | Reached skill level 15 in Shields
 16767 | Snake:2  | Reached XP level 15. HP: 138/138 MP: 15/15
 16779 | Snake:2  | Received a gift from Okawaru
 16834 | Snake:2  | Noticed a nagaraja
 16845 | Snake:2  | Killed a nagaraja
 17527 | Snake:2  | Noticed Vashnia
 17530 | Snake:2  | Reached skill level 16 in Shields
 17635 | Snake:2  | Killed Vashnia
 17635 | Snake:2  | Received a gift from Okawaru
 17635 | Snake:2  | Reached skill level 15 in Fighting
 17636 | Snake:2  | Got a smoking scale mail {god gift}
 17931 | Snake:3  | Identified the +1 scale mail of Oblivion {Dex+7} (Okawaru
                  | gifted it to you on level 2 of the Snake Pit)
 18778 | Snake:3  | Noticed a nagaraja
 18789 | Snake:3  | Killed a nagaraja
 18838 | Snake:3  | Reached skill level 17 in Shields
 19355 | Snake:4  | Entered Level 4 of the Snake Pit
 19708 | Snake:4  | Noticed a nagaraja
 19721 | Snake:4  | Killed a nagaraja
 19724 | Snake:4  | Reached XP level 16. HP: 127/149 MP: 14/16
 19794 | Snake:4  | Received a gift from Okawaru
 19966 | Snake:4  | Identified a scroll of acquirement
 20044 | Snake:4  | Acquired 530 gold pieces
 20309 | Snake:4  | Reached skill level 18 in Shields
 20615 | Snake:4  | Received a gift from Okawaru
 20687 | Snake:4  | Got a serpentine rune of Zot
 20965 | Snake:1  | Bought a scroll of enchant armour for 90 gold pieces
 21044 | D:11     | Bought the +10 storm dragon scales of the Hall of Blades
                  | {rElec Int+4 Dex-3} for 1634 gold pieces
 21267 | Swamp:1  | Entered Level 1 of the Swamp
 22732 | Swamp:2  | Noticed a thorn hunter
 22753 | Swamp:2  | Killed a thorn hunter
 22753 | Swamp:2  | Reached XP level 17. HP: 81/160 MP: 17/17
 23753 | Swamp:3  | Reached skill level 19 in Shields
 23846 | Swamp:3  | Received a gift from Okawaru
 24462 | Swamp:4  | Entered Level 4 of the Swamp
 24999 | Swamp:4  | Reached skill level 5 in Maces & Flails
 25012 | Swamp:4  | Received a gift from Okawaru
 25344 | Swamp:4  | Got a decaying rune of Zot
 25541 | Elf:1    | Entered Level 1 of the Elven Halls
 25957 | Elf:1    | Received a gift from Okawaru
 26033 | Elf:1    | Found a magical portal.
 26038 | WizLab   | Entered The Chambers of the Cloud Mage
 26306 | WizLab   | Reached skill level 20 in Shields
 26388 | WizLab   | Identified the ring of the Failed Coup {*Drain +Fly Str+8
                  | Dex+10}
 26459 | WizLab   | Reached skill level 15 in Armour
 26522 | WizLab   | Reached XP level 18. HP: 114/171 MP: 18/18
 26690 | WizLab   | Noticed Sumirch
 26698 | WizLab   | Killed Sumirch the Cloud Mage
 26762 | WizLab   | Got a coiled tin ring
 26765 | WizLab   | Identified the Volume of Displaced Flight
 26769 | WizLab   | Identified the Catalogue of Flight
 27743 | Elf:1    | Identified the ring "Dacog" {+Fly Slay+3} (You found it in
                  | a wizard's laboratory)
 27759 | Elf:1    | Received a gift from Okawaru
 28061 | Elf:1    | Got a distressingly furry scale mail
 28489 | Elf:1    | Identified the cursed +0 scale mail of Eternal Vigilance
                  | {rF- rN+ Str+8} (You found it on level 1 of the Elven
                  | Halls)
 30182 | D:14     | Noticed Kirke
 30185 | D:14     | Reached skill level 21 in Shields
 30195 | D:14     | Killed Kirke
 30195 | D:14     | Received a gift from Okawaru
 30196 | D:14     | Got a fine robe {god gift}
 30237 | D:14     | Found a gate to the Vaults.
 30290 | D:14     | Found a gate leading to a gauntlet.
 30301 | Gauntlet | Entered a Gauntlet
 30301 | Gauntlet | Found a transporter.
 30301 | Gauntlet | Found a transporter.
 30301 | Gauntlet | Found a transporter.
 30305 | Gauntlet | Found a transporter.
 30305 | Gauntlet | Found a transporter.
 30321 | Gauntlet | Found a transporter.
 30321 | Gauntlet | Found a transporter.
 30328 | Gauntlet | Found a transporter.
 30336 | Gauntlet | Found a transporter.
 30354 | Gauntlet | Found a transporter.
 30362 | Gauntlet | Found a transporter.
 30379 | Gauntlet | Found a transporter.
 30661 | Gauntlet | Got a dazzling hat
 30705 | Gauntlet | Identified Ownydd's Easy Witchery
 31693 | D:15     | Entered Level 15 of the Dungeon
 31727 | D:15     | Paralysed by an orc sorcerer for 2 turns
 31813 | D:15     | Found a staircase to the Depths.
 32325 | D:15     | Noticed Josephine
 32332 | D:15     | Killed Josephine
 32336 | D:15     | Reached skill level 22 in Shields
 32401 | D:15     | Reached XP level 19. HP: 178/178 MP: 20/20
 32647 | D:15     | Received a gift from Okawaru
 32765 | D:15     | Identified the -6 hat of Gozag's Regard {rF+} (You found it
                  | in a Gauntlet)
 32834 | Vaults:1 | Entered Level 1 of the Vaults
 33008 | Vaults:1 | Received a gift from Okawaru
 33354 | Vaults:1 | Found Zutit's Weapon Emporium.
 33930 | Vaults:2 | Found Cefokke's General Store.
 34021 | Vaults:2 | Reached skill level 23 in Shields
 34145 | Vaults:2 | Noticed a bone dragon
 34146 | Vaults:2 | Found a staircase to the Crypt.
 34156 | Vaults:2 | Killed a bone dragon
 34414 | Vaults:2 | Found Onlo's Antique Weapon Shoppe.
 34551 | Vaults:2 | Found Buighiyt's Antique Weapon Shop.
 34778 | Vaults:2 | Received a gift from Okawaru
 35022 | Vaults:2 | Reached skill level 24 in Shields
 35979 | Vaults:3 | Reached XP level 20. HP: 175/187 MP: 20/22
 36212 | Vaults:3 | Cast into level 3 of the Abyss (a deep elf demonologist)
 36995 | Abyss:3  | Reached skill level 5 in Invocations
 36998 | Vaults:3 | Escaped the Abyss
 37021 | Vaults:3 | HP: 7/187 [???[an ironheart preserver] (4)]
 37022 | Vaults:3 | Cast into level 2 of the Abyss (a deep elf demonologist)
 37167 | Abyss:2  | Received a gift from Okawaru
 37167 | Abyss:2  | Reached skill level 25 in Shields
 37356 | Abyss:2  | Found a corrupted altar of Lugonu.
 37397 | Vaults:3 | Escaped the Abyss
 37929 | Vaults:3 | Paralysed by a sphinx for 6 turns
 37948 | Vaults:3 | Received a gift from Okawaru
 37949 | Vaults:3 | Got a steaming kite shield {god gift}
 38111 | Vaults:3 | Reached skill level 26 in Shields
 38591 | Vaults:3 | Noticed Bai Suzhen
 38611 | Vaults:3 | Killed Bai Suzhen
 38611 | Vaults:3 | Reached XP level 21. HP: 180/193 MP: 19/24
 40488 | Elf:2    | Received a gift from Okawaru
 40518 | Elf:2    | Found a frozen archway.
 40533 | IceCv    | Entered an ice cave
 40574 | IceCv    | Reached skill level 5 in Dodging
 41216 | Elf:2    | Found a runed translucent gate.
 41217 | Elf:2    | Found a runed translucent gate.
 41218 | Elf:2    | Found a runed translucent gate.
 42217 | Elf:3    | Entered Level 3 of the Elven Halls
 42218 | Elf:3    | Found Wimuhil's Gadget Boutique.
 42218 | Elf:3    | Found Jeumarec's Jewellery Shoppe.
 42219 | Elf:3    | Found Qisaec's Jewellery Shoppe.
 42369 | Elf:3    | Received a gift from Okawaru
 42370 | Elf:3    | Got a pitted battleaxe {god gift}
 43073 | Elf:3    | Identified the +4 battleaxe of Buwol {pain, +Inv Str+2}
                  | (Okawaru gifted it to you on level 3 of the Elven Halls)
 43319 | Elf:3    | Reached XP level 22. HP: 154/201 MP: 25/25
 43462 | Elf:3    | Reached skill level 10 in Dodging
 43476 | Elf:3    | Cast into level 3 of the Abyss (a deep elf demonologist)
 43699 | Abyss:3  | Received a gift from Okawaru
 43845 | Abyss:3  | Received a gift from Okawaru
 43846 | Abyss:3  | Got a faintly humming hat {god gift}
 44313 | Abyss:3  | Got an abyssal rune of Zot
 44337 | Abyss:3  | Gained mutation: Your magical capacity is low. (-10% MP) [a
                  | cacodemon]
 44439 | Abyss:3  | HP: 4/201 [starcursed mass/accursed screaming (8)]
 44440 | Abyss:3  | Killed from afar by a starcursed mass

Illustrated notes

Levels and vault maps discovered:
D:1:      minmay_arrival_solitary_statue, layout_loops_ring,
          minmay_misc_feat_encased, minmay_misc_feat_tower
D:2:      layout_rooms, first_ration, kennysheep_generic_room_5
D:3:      layout_loops_cross, kiku_gazebo_garden_becter, gammafunk_ghost_split,
          serial_bayou_lagoon_b, uniq_grinder, uniq_terence, uniq_jessica
D:4:      layout_loops_ring, gammafunk_temple_overflow_claw, uniq_sigmund
D:5:      black_bear_nest_2, layout_loops_ring, lemuel_round_altar,
          lemuel_zombie_altar_yredelemnul, minmay_temple_entry_hall
D:6:      kennysheep_slugbush, layout_gridville, uniq_maggie
D:7:      layout_rooms, lightli_temple_of_fire
D:8:      layout_rooms
D:9:      minmay_the_grid_triangle_9x9_rhombus_full
          [minmay_the_grid_triangle_9x9_sparse_checkered,
          minmay_the_grid_triangle_9x9_minimal,
          minmay_the_grid_triangle_9x9_alien,
          minmay_the_grid_triangle_9x9_skeleton,
          minmay_the_grid_triangle_9x9_dagger,
          minmay_the_grid_triangle_9x9_wacky_v,
          minmay_the_grid_triangle_9x9_corrupted_corridor,
          minmay_the_grid_triangle_9x9_prize_schism], layout_irregular_city
D:10:     layout_loops_corners, gammafunk_ghost_hive
D:11:     layout_roguey, minmay_lair_entry_grove, orc_david_3
D:12:     layout_roguey
D:13:     layout_gridville
D:14:     minmay_isolated_rectangles_in_corner, layout_loops_ring,
          erik_vaults_2, gauntlet_entry_generic, kennysheep_nub,
          grunt_livestock, uniq_kirke
D:15:     grunt_enter_depths_magical_seal, layout_loops_corners,
          minmay_misc_feat_iff, uniq_josephine
Temple:   regret_index_temple_waves
Lair:1:   lemuel_reptile_caves, layout_regular_city, serial_rivers,
          chequers_serial_rivers_small_a, chequers_serial_rivers_large_a,
          chequers_serial_rivers_micro_a, chequers_serial_rivers_small_a,
          chequers_serial_rivers_micro_c, chequers_serial_rivers_micro_e,
          worms_lemuel, uniq_joseph, uniq_harold
Lair:2:   layout_gridlike, guppyfry_snake_entry_garden, beast_lair_carwin_1,
          grunt_megastairs_3
Lair:3:   layout_chaotic_city, swamp_mist, minivault_25,
          minmay_lair_oklob_chamber
Lair:4:   layout_hall_layers, nicolae_quartered_pool_super, minmay_holes,
          infiniplex_staircase_pool, uniq_snorg
Lair:5:   layout_concentric_octagons, infiniplex_staircase_pool_2
Lair:6:   due_jungle_book, layout_loops_ring, dpeg_slime_entry_corner,
          chequers_serial_rivers_micro_b, minivault_23,
          kennysheep_basilisk_garden, grunt_megastairs_2
Swamp:1:  layout_basic_swamp, nicolae_swamp_little_tower, swamp_pool1,
          nicolae_swamp_fairy_circle
Swamp:2:  layout_basic_swamp, nicolae_swamp_trees_clearing,
          nicolae_swamp_snake_nest
Swamp:3:  layout_falls_marsh, serial_swamp_ruin, evilmike_swamp_ruin_house_2,
          evilmike_swamp_ruin_house_1
Swamp:4:  swamp, layout_basic_swamp
Snake:1:  layout_onion, serial_shops, shop, grunt_megastairs_4,
          minmay_shop_star, uniq_aizul
Snake:2:  layout_grid_maze, drop_trap, uniq_saint_roka, uniq_vashnia
Snake:3:  layout_concentric_octagons, serial_bayou_pond_e
Snake:4:  grunt_snake_rune_serpentine_throne, layout_gridlike
Orc:1:    layout_caves, serial_shops, shop, shop, nicolae_shop_crystal,
          nicolae_shop_crystal
Orc:2:    grunt_orc_community_town_hall, layout_caves,
          grunt_orc_community_big_house_1, grunt_orc_community_big_house_1,
          grunt_orc_community_house_2, grunt_orc_community_house_3,
          grunt_orc_community_house_2, grunt_orc_community_house_1,
          grunt_orc_community_house_2, grunt_orc_community_house_1
Elf:1:    layout_onion_city, mu_enter_wizlab_2, serial_sigils_hangedman_gut,
          hangedman_elf_represent
Elf:2:    layout_onion_city, portal_ice_cave_entry_ice_statue_one,
          einodemon_barbed_minivault
Elf:3:    elf_hall_gauntlet_narrow, layout_onion_city, minmay_shop_grove
Vaults:1: v_misc_3, ontoclasm_vaults_pinch, st_more_cells,
          nicolae_vaults_shelves_hall, layout_vaults_chaotic_city, serial_shops,
          nicolae_shop_window_shopping
Vaults:2: nicolae_vaults_little_squares_5, v_misc_10,
          vaults_room_stairs_pillars, vaults_room_stairs_pillars,
          vaults_room_door_hall, v_misc_14, minmay_crypt_entry_nasty_monster,
          vaults_dpeg_cross, grunt_vaults_twisty, layout_vaults_quadrants,
          serial_shops, nicolae_shop_waterfront, shop, shop
Vaults:3: v_alt_pattern_1, ontoclasm_vaults_ligature,
          ontoclasm_vaults_misaligned, nicolae_vaults_what_the_h,
          v_alt_pattern_5, hangedman_vaults_locks, nicolae_vaults_theta,
          nicolae_vaults_c_with_doors, v_misc_29, ontoclasm_vaults_ring_square,
          vaults_standard_mumra_x, nicolae_vaults_circle_grid_b,
          nicolae_vaults_network_quinsquares
          [nicolae_vaults_network_quincunx_subvault,
          nicolae_vaults_network_quincunx_subvault,
          nicolae_vaults_network_quincunx_subvault,
          nicolae_vaults_network_quincunx_subvault], layout_vaults_maze_bifur,
          uniq_bai_suzhen
Vaults:4: hangedman_vaults_cutoff, v_alt_pattern_1, vaults_mumra_bighexcomb,
          hangedman_vaults_restitches, v_rooms_2, v_misc_16, v_misc_18,
          vaults_room_grid, nicolae_vaults_angled_halls, vaults_room_door_hall,
          vaults_dpeg_ring, nicolae_vaults_puzzle_piece,
          nicolae_vaults_little_squares_1, layout_vaults_omnicross
Abyss:3:  base: D:14, small_statue_intersection, nicolae_abyss_rune_star_stuff,
          base: Lair:1, base: D:10,
          evilmike_nicolae_abyss_rune_betentacled_crabyss, abyss_exit_lava,
          evilmike_abyss_exit_kraken,
          evilmike_nicolae_abyss_rune_betentacled_crabyss,
          evilmike_abyss_exit_kraken, hangedman_shadowy_showcase

Skill      XL: |  1  2  3  4  5  6  7  8  9 10 11 12 13 14 15 16 17 18 19 20 21 22 |
---------------+-------------------------------------------------------------------+-----
Shields        | 4 5 6 7 9 10 11 13 15 17 18 20 22 24 26 | 26.6
Armour         | 4 5 6 7 8 9 10 11 12 13 14 15 16 17 18 20 21 | 21.2
Fighting       | 4 5 6 7 8 10 11 12 14 15 16 17 | 17.7
Axes           | 3 4 5 6 7 10 12 13 15 17 18 19 20 | 20.9
Dodging        | 1 2 9 12 | 12.3
Invocations    | 1 2 3 4 5 6 |  6.2
Maces & Flails | 1 3 6 |  6.7

Action                   |  1- 3 |  4- 6 |  7- 9 | 10-12 | 13-15 | 16-18 | 19-21 | 22-24 || total
-------------------------+-------+-------+-------+-------+-------+-------+-------+-------++-------
Melee: War axe           |    54 |   132 |   159 |       |       |       |       |       ||   345
       Headbutt          |    10 |    17 |    49 |   144 |   192 |   312 |   492 |    90 ||  1306
       Broad axe         |       |       |   113 |   630 |   741 |  1245 |  1449 |   291 ||  4469
       Flail             |       |       |       |       |    27 |   137 |    16 |     3 ||   183
Invok: Heroism           |       |       |     3 |     3 |     9 |    10 |    12 |       ||    37
       Finesse           |       |       |       |     1 |       |     5 |    11 |     2 ||    19
Evoke: Wand              |       |       |       |       |       |     1 |       |       ||     1
  Use: Scroll            |     1 |     1 |    18 |    12 |    17 |    12 |    13 |       ||    74
       Potion            |     1 |       |     5 |     2 |     8 |     8 |     9 |     3 ||    36
 Stab: Confused          |       |       |       |       |       |     1 |       |       ||     1
  Eat: Chunk             |       |     4 |     9 |    15 |    10 |     9 |    22 |     1 ||    70
       Ration            |       |       |     1 |     1 |     5 |    10 |     4 |     1 ||    22
Armor: Scale mail        |    28 |    45 |     5 |       |       |       |       |       ||    78
       Plate armour      |       |       |   116 |   191 |   233 |    70 |       |       ||   610
       Storm dragon scal |       |       |       |       |       |   400 |   200 |    96 ||   696
Dodge: Dodged            |    16 |    34 |    42 |   104 |    87 |   194 |   131 |   163 ||   771
       Repelled          |       |       |     3 |     8 |       |       |       |       ||    11
Block: Kite shield       |    31 |    62 |   124 |   399 |    18 |       |       |       ||   634
       Tower shield      |       |       |       |       |   794 |  1391 |  1196 |   269 ||  3650
